Map: Zen LE

Players

antagomiR - Winner!

  • Race: Protoss Protoss
  • League: Gold
  • Spawn Location: 1:00

ToaFolks

  • Race: Zerg Zerg
  • League: Gold
  • Spawn Location: 7:00

VOD

Have the link to the VOD?

Description

Time

  • Played on: April 21, 2020, 1:14 a.m.
  • Length: 11:14
Show
View Real Time Build Order
Export as new Build Order

antagomiR Protoss - Winner!

Build Orders: 1 Gate Expand, Archon Immortal 

Get SALT Encoding   

  12  0:01  Probe  
  13  0:13  Probe  
  14  0:22  Pylon  
  14  0:26  Probe  
  15  0:40  Probe  
  16  0:45  Gateway  
  16  0:52  Probe  
  17  0:57  Assimilator  
  17  1:04  Probe  
  18  1:16  Probe  
  19  1:31  Nexus  
  19  1:46  Cybernetics Core  
  19  2:01  Probe  
  20  2:13  Probe  
  21  2:17  Pylon  
  21  2:22  Pylon  
  21  2:25  Probe  
  22  2:34  Assimilator  
  22  2:35  Adept  
  24  2:37  Probe  
  25  2:44  Probe  
  25  2:49  Probe  
  27  2:53  Robotics Facility  
  27  2:54  Warp Gate  
  27  2:56  Probe  
  28  3:01  Probe  
  28  3:05  Stalker  
  31  3:08  Probe  
  32  3:13  Probe, Pylon  
  33  3:20  Probe  
  33  3:25  Probe  
  35  3:33  Probe  
  36  3:35  Sentry  
  36  3:37  Probe, Gateway  
  36  3:41  Gateway  
  39  3:43  Observer  
  39  3:45  Probe  
  41  3:49  Probe  
  42  3:57  Probe  
  42  4:02  Probe  
  44  4:05  Observer  
  44  4:06  Twilight Council  
  44  4:09  Probe  
  46  4:14  Probe  
  46  4:16  Stalker (Chrono Boost)  
  47  4:21  Probe  
  50  4:26  Probe  
  50  4:30  Assimilator  
  51  4:33  Probe, Assimilator  
  52  4:42  Pylon  
  52  4:43  Pylon  
  52  4:47  Charge  
  52  4:53  Pylon  
  52  4:58  Probe x2  
  53  5:21  Probe x2  
  55  5:22  Templar Archives  
  55  5:33  Probe  
  56  5:36  Immortal  
  56  5:41  Probe  
  61  5:45  Probe  
  62  5:53  Probe  
  63  6:04  Stalker  
  65  6:05  Sentry, Zealot  
  69  6:15  Immortal, Nexus, Psionic Storm  
  73  6:19  Pylon  
  73  6:21  Pylon  
  73  6:32  Forge  
  73  6:34  Forge  
  73  6:36  Zealot x2  
  77  6:42  Shield Battery  
  77  6:45  Gateway  
  77  6:47  Gateway  
  77  6:50  Gateway  
  77  6:54  Gateway  
  77  6:55  Immortal  
  77  6:59  Gateway  
  77  7:01  Zealot, Stalker  
  83  7:02  Zealot  
  87  7:08  Protoss Ground Weapons Level 1 (Chrono Boost)  
  87  7:09  Protoss Ground Armor Level 1 (Chrono Boost)  
  87  7:24  Probe x2  
  87  7:29  Probe  
  90  7:33  Assimilator  
  90  7:34  High Templar x2, Observer  
  90  7:35  Assimilator  
  90  7:36  Probe  
  90  7:37  Probe  
  97  7:41  Probe  
  98  7:45  High Templar  
  98  7:47  Zealot x2  
  98  7:48  Zealot  
  98  7:49  Probe  
  107  7:56  Probe x2  
  109  8:00  Pylon  
  109  8:01  Probe  
  109  8:03  Pylon  
  108  8:08  Probe  
  109  8:18  Probe x2  
  115  8:20  Probe  
  115  8:22  Pylon  
  115  8:23  Pylon  
  116  8:30  Probe  
  117  8:40  Pylon  
  116  8:42  Photon Cannon  
  116  8:46  Immortal  
  116  8:47  High Templar  
  116  8:48  High Templar x5  
  122  8:50  Archon  
  122  8:52  Archon x3  
  128  8:58  Probe x3  
  131  9:03  Zealot x2  
  135  9:23  High Templar  
  137  9:43  Stalker x2  
  141  10:12  Pylon  
  141  10:15  Pylon  
  141  10:17  Pylon  
  141  10:21  Gateway  
  141  10:23  Gateway  
  141  10:24  Gateway  
  141  10:30  Warp Prism  
Show
View Real Time Build Order
Export as new Build Order

ToaFolks Zerg 

Build Orders: Hatch First 

Get SALT Encoding   

  12  0:01  Drone  
  13  0:14  Drone  
  14  0:26  Extractor  
  14  0:27  Drone  
  14  0:28  Extractor, Drone  
  16  0:48  Hatchery  
  15  1:07  Spawning Pool  
  14  1:19  Overlord  
  14  1:22  Extractor  
  14  1:25  Extractor  
  12  1:44  Drone x3  
  14  2:07  Drone  
  15  2:10  Drone  
  15  2:13  Drone x2  
  18  2:23  Drone  
  19  2:33  Drone  
  19  2:34  Drone  
  21  2:37  Drone  
  21  2:41  Spore Crawler  
  21  2:42  Drone  
  21  2:43  Drone  
  23  2:47  Lair  
  23  2:51  Queen  
  23  2:55  Spore Crawler  
  24  2:59  Drone  
  25  3:07  Drone  
  25  3:08  Drone x2  
  28  3:23  Spine Crawler, Overlord  
  27  3:33  Overlord  
  27  3:36  Evolution Chamber  
  27  3:40  Evolution Chamber  
  25  3:46  Queen  
  27  3:51  Hydralisk Den, Drone  
  27  3:53  Drone  
  28  3:59  Zergling x2  
  28  4:00  Zergling x2  
  30  4:12  Drone x3  
  30  4:14  Drone  
  34  4:23  Grooved Spines  
  34  4:27  Hydralisk  
  36  4:33  Overseer  
  36  4:41  Zerg Ground Armor Level 1  
  36  4:50  Drone x3  
  39  4:55  Drone x2  
  41  5:05  Hydralisk  
  43  5:12  Spore Crawler  
  42  5:29  Zerg Missile Weapons Level 1  
  42  5:35  Spore Crawler  
  42  5:40  Muscular Augments  
  42  5:41  Overlord x2  
  41  5:54  Extractor  
  41  5:56  Drone x2  
  41  5:57  Drone x2  
  44  6:16  Lurker Den  
  42  6:21  Zergling x6  
  42  6:22  Zergling x12  
  42  6:24  Metabolic Boost  
  51  6:31  Hydralisk  
  51  6:32  Hydralisk x3  
  57  6:35  Overlord x2  
  59  6:48  Drone  
  59  6:51  Pneumatized Carapace  
  61  6:54  Zergling x8  
  61  6:55  Zergling x2  
  65  7:02  Drone  
  66  7:23  Zerg Melee Weapons Level 1  
  66  7:33  Hatchery  
  65  7:37  Hydralisk x5  
  75  7:45  Zergling x2  
  75  7:46  Overlord  
  75  7:47  Overlord x2  
  64  8:37  Zergling x2  
  64  8:38  Zergling x18  
  74  8:48  Overseer  
  74  9:05  Nydus Network  
  74  9:08  Hydralisk x8  
  89  9:24  Zergling x12  
  90  9:29  Queen  
  97  9:40  Lurker x3  
  97  9:42  Overlord  
  97  9:43  Overlord x2  
  100  9:51  Hydralisk  
  100  9:52  Hydralisk  
  104  10:30  Hydralisk  
  104  10:31  Hydralisk x6  
Tags
 
Composition
Archon Immortal
League
GoldGold
Matchup
PvZ
Replay Pack
20200422
Spawn Locations
Cross Positions
Add a new tag
Caveats
  • Supply blocks, unpowered buildings, or Contaminate may cause inaccurate times.
  • Supply counts are checked every 10 seconds.